 Dungeon Crawl Stone Soup version 0.31-a0-986-g5e6e4ef867 (webtiles) character file.

Game seed: 11696204335619175767

2 LeprechaunX the Ruffian (level 1, -1/13 HPs)
             Began as an Octopode Shapeshifter on Nov 21, 2023.
             Slain by a giant cockroach (2 damage)
             ... on level 1 of the Dungeon.
             The game lasted 00:00:31 (24 turns).

LeprechaunX the Ruffian (Octopode Shapeshifter)       Turns: 24, Time: 00:00:31

Health: -1/13      AC:  1    Str: 13    XL:     1   Next: 40%
Magic:  1/1        EV: 13    Int: 12    God:
Gold:   0          SH:  0    Dex: 11    Spells: 0/0 levels left

rFire   . .          .
                       - Unarmed
rCold   . . .        (no shield)
rNeg    . . .        (helmet currently unavailable)
rPois   .            (no amulet)
rElec   .            (no ring)
rCorr   .            (no ring)
SInv    .            (no ring)
Will    .....        (no ring)
Stlth   ++           (no ring)
HPRegen 0.22/turn    (no ring)
MPRegen 0.07/turn    (no ring)
                     (no ring)

%: no passive effects
@: beast-form
A: beast (slay +1), almost no armour, amphibious, 8 rings, camouflage 1,
gelatinous body 1, (nimble swimmer 1), tentacles
a: Begin Untransformation


You were on level 1 of the Dungeon.
You were a hulking beast.
You visited 1 branch of the dungeon, and saw 1 of its levels.

Inventory:

Talismans
 b - a beast talisman
 c - a flux talisman
Potions
 a - a potion of lignification


   Skills:
 + Level 1.1 Fighting
 - Level 2.0 Dodging
 + Level 3.0 Unarmed Combat
 * Level 3.0 Shapeshifting


You couldn't memorise any spells.
You didn't know any spells.
Your spell library was empty.

Dungeon Overview and Level Annotations

Branches:
Dungeon (1/15)

Altars:


Innate Abilities, Weirdness & Mutations

You are a hulking beast.
Your limbs bulge with bestial killing power. (Slay +1)
You cannot wear most types of armour.
You are amphibious.
You can wear up to eight rings at the same time.
Your skin changes colour to match your surroundings (Stealth+).
Your rubbery body absorbs attacks. (AC +1, EV +1)
((You are camouflaged when in or above water. (Stealth+)))
You have tentacles for arms and can constrict up to eight enemies at once.


Message History

You are too injured to fight recklessly!
You are too injured to fight recklessly!
You are too injured to fight recklessly!
You are too injured to fight recklessly!
You are too injured to fight recklessly!
You are too injured to fight recklessly!
You are too injured to fight recklessly!
You are too injured to fight recklessly!
You are too injured to fight recklessly!
You are too injured to fight recklessly!
You are too injured to fight recklessly!
You are too injured to fight recklessly!
You are too injured to fight recklessly!
You are too injured to fight recklessly!
You are too injured to fight recklessly!
You are too injured to fight recklessly!
You are too injured to fight recklessly!
Unknown command.
The goblin attacks as it pursues you! The goblin barely misses you.
The goblin attacks as it pursues you! The goblin hits you with a +0 club.
* * * LOW HITPOINT WARNING * * *
You tentacle-slap the goblin. Your grab misses the goblin.
The goblin is severely wounded.
The goblin misses you.
You tentacle-slap the goblin. You grab the goblin.
The goblin is almost dead.
You constrict the goblin.
You kill the goblin!
The giant cockroach barely misses you.
You tentacle-slap the giant cockroach but do no damage.
You grab the giant cockroach. You constrict the giant cockroach.
An endoplasm comes into view.
The giant cockroach bites you.
* * * LOW HITPOINT WARNING * * *
You barely miss the giant cockroach.
The endoplasm quivers.
You squeeze the giant cockroach.
The giant cockroach is heavily wounded.
You constrict the giant cockroach. The giant cockroach bites you.
You die...

.# ... .. .r##
.#.... .#hh#
....#
#####.h..#.#
#hBh#.......
#'#hhr#
##.##..# ###
#(.(#..#
##.###(((##.J.
#...#..(.(###..
#..(#[((((#
....
#.<('((8((# ...
#...#((..(# .#.


You could see an endoplasm, 3 jackals, a giant cockroach and a rat.

Vanquished Creatures
  A goblin (D:1)
  A hobgoblin (D:1)
2 creatures vanquished.

Notes
Turn   | Place    | Note
-------+----------+-------------------------------------------
     0 | D:1      | LeprechaunX the Octopode Shapeshifter began the quest for
                  | the Orb.
     0 | D:1      | Reached XP level 1. HP: 13/13 MP: 1/1
    24 | D:1      | Slain by a giant cockroach

Illustrated notes

Levels and vault maps discovered:
D:1:      minmay_arrival_shattered_statue, layout_rooms

Action                     || total
---------------------------++-------
  Melee: Unarmed           ||     8
         Constrict         ||     3
         Tentacles         ||     1
 Armour: Skin              ||     6
  Dodge: Dodged            ||     4

Table legend: (Time is in decaauts)
 A = Elapsed time spent in this place.
 B = Non-inter-level travel time spent in this place.
 C = Inter-level travel time spent in this place.
 D = Time resting spent in this place.
 E = Time spent auto-exploring this place.
 F = Levels seen in this place.
 G = Mean time per level.
                   A        B        C        D        E       F      G
               +--------+--------+--------+--------+--------+-----+--------+
         Total |     23 |     23 |      0 |      0 |      9 |   1 |   23.0 |
       Dungeon |     23 |     23 |      0 |      0 |      9 |   1 |   23.0 |
               +--------+--------+--------+--------+--------+-----+--------+

Top non-repeatable levels by time:
     D:1: 23 daAuts
